 Dungeon Crawl Stone Soup version 0.26.1-11-gd32895ea62 (webtiles) character file.

Game seed: 7581993409897503931

56 Saba the Bolt Thrower (level 3, 0/22 HPs)
             Began as a Gargoyle Hunter on July 4, 2021.
             Slain by an orc
             ... wielding a +0 flail
              (6 damage)
             ... on level 3 of the Dungeon.
             The game lasted 00:02:57 (1897 turns).

Saba the Bolt Thrower (Gargoyle Hunter)             Turns: 1897, Time: 00:02:57

Health: 0/22       AC: 11    Str: 16    XL:     3   Next: 95%
Magic:  3/3        EV:  7    Int: 11    God:
Gold:   44         SH:  0    Dex: 10    Spells: 2/2 levels left

rFire    . . .     SeeInvis .   m - +1 dagger (freeze)
rCold    . . .     Faith    .   (no shield)
rNeg     + . .     Spirit   .   f - +0 chain mail
rPois    ∞         Reflect  .   (no helmet)
rElec    +         Harm     .   (no cloak)
rCorr    .         Rampage  .   (no gloves)
Will     .....                  (no boots)
Stlth    ..........             (no amulet)
HPRegen  0.07/turn              (no ring)
MPRegen  0.08/turn              (no ring)

@: no status effects
A: negative energy resistance 1, electricity resistance, unbreathing,
petrification resistance, miasma immunity, AC +3
a: no special abilities


You were on level 3 of the Dungeon.
You visited 1 branch of the dungeon, and saw 3 of its levels.

You collected 44 gold pieces.

Inventory:

Hand Weapons
 a - a +1 hand crossbow
 m - a +1 dagger of freezing (weapon)
Missiles
 d - 20 bolts
Armour
 f - a +0 chain mail (worn)
Scrolls
 c - 2 scrolls of remove curse {unknown}
 g - 3 scrolls of identify {unknown}
 h - 3 scrolls of amnesia {unknown}
 i - a scroll of immolation {unknown}
 l - a scroll of magic mapping {unknown}
Potions
 b - a potion of lignification {unknown}
 e - a potion of curing {unknown}
 j - a potion of invisibility {unknown}
 k - a potion of attraction {unknown}
 n - a potion of heal wounds {unknown}


   Skills:
 + Level 2.9 Fighting
 + Level 4.3 Crossbows
 + Level 1.6 Armour
 + Level 2.2 Dodging
 - Level 1.1 Stealth


You had 2 spell levels left.
You didn't know any spells.
Your spell library was empty.

Dungeon Overview and Level Annotations

Branches:
Dungeon (2/15)

Altars:


Innate Abilities, Weirdness & Mutations

You are resistant to torment.
Your stone body is resilient. (AC +3)
You are immune to poison.
You resist negative energy. (rN+)
You are resistant to electric shocks. (rElec)
You can survive without breathing.
You are immune to petrification.
You are immune to miasma.


Message History

The bat hits you.
* * * LOW HITPOINT WARNING * * *
You completely miss the orc. The orc hits you but does no damage.
Your chain mail prevents you from hitting the orc.
The orc hits you but does no damage.
You hit the orc. You freeze the orc.
The orc is heavily wounded.
The orc hits you but does no damage.
You hit the orc but do no damage.
The orc is heavily wounded.
The orc hits you but does no damage.
You hit the orc. You freeze the orc.
The orc is severely wounded.
Your chain mail prevents you from hitting the orc.
The orc is severely wounded.
The orc barely misses you.
You completely miss the orc.
The orc is severely wounded.
The orc hits you with a +0 flail.
You die...

#...#...#...#
#.8.J.8...8.#
#(..#o..#...#
##o###.## ...
#...#...#....
#.8.J.8...8.
#...#...#.?
#####..J#########
.......boSo@.....#
.......#####.....#
........ .#####
.......# .#
........ .#
........ .#
....... .# .#


You could see an ooze, an adder, 2 orcs and a bat.

Vanquished Creatures
  An adder (D:2)
  2 dart slugs (D:1)
  2 orcs (D:3)
  8 bats
  4 giant cockroaches (D:1)
  4 hobgoblins (D:1)
  A kobold (D:2)
  A ball python (D:2)
  3 frilled lizards (D:1)
  8 goblins
  5 rats
39 creatures vanquished.

Notes
Turn   | Place    | Note
-------+----------+-------------------------------------------
     0 | D:1      | Saba the Gargoyle Hunter began the quest for the Orb.
     0 | D:1      | Reached XP level 1. HP: 12/12 MP: 1/1
   407 | D:1      | Reached XP level 2. HP: 18/18 MP: 2/2
   495 | D:1      | Reached skill level 1 in Armour
   831 | D:1      | Reached XP level 3. HP: 17/22 MP: 3/3
  1861 | D:2      | You fall into a shaft and drop 1 floor!
  1897 | D:3      | Slain by an orc

Illustrated notes

Levels and vault maps discovered:
D:1:      psy_arrival_statuary, layout_loops_ring, hangedman_feature_mirror
D:2:      layout_rooms, nicolae_underground_beach
D:3:      layout_basic, nzn_wu_jian_contemplation,
          minmay_misc_feat_four_crosses, amcnicky_mini_corridor_feature

Skill      XL: |  1  2  3 |
---------------+----------+-----
Armour         | 1 |  1.6
Dodging        | 2 |  2.2
Fighting       | |  2.9
Crossbows      | |  4.3
Stealth        | |  1.1

Action                   || total
-------------------------++-------
Melee: Short sword       ||   130
       Dagger            ||    52
Armor: Leather armour    ||    50
       Chain mail        ||    99
Dodge: Dodged            ||    87
